 Dungeon Crawl Stone Soup version 0.31.0-9-g3a7656b989 (webtiles) character file.

Game seed: 7927765025669869756

68 qw the Shooter (level 3, 0/29 HPs)
             Began as a Demigod Hunter on Feb 2, 2024.
             Slain by a gnoll
             ... wielding a +0 halberd
              (8 damage)
             ... on level 2 of the Dungeon.
             The game lasted 00:00:06 (1120 turns).

qw the Shooter (Demigod Hunter)                     Turns: 1120, Time: 00:00:06

Health: 0/29       AC:  5    Str: 12    XL:     3   Next: 73%
Magic:  5/5        EV: 11    Int: 11    God:
Gold:   49         SH:  0    Dex: 21    Spells: 2/2 levels left

rFire   . . .        a - +1 shortbow
rCold   . . .        (shield currently unavailable)
rNeg    . . .        e - +0 ring mail
rPois   .            (no helmet)
rElec   .            (no cloak)
rCorr   .            (no gloves)
SInv    .            (no boots)
Will    .....        (no amulet)
Stlth   +            (no ring)
HPRegen 0.24/turn    (no ring)
MPRegen 0.09/turn

%: no passive effects
@: no status effects
A: high MP 1, forlorn, divine attributes
a: no special abilities


You were on level 2 of the Dungeon.
You visited 1 branch of the dungeon, and saw 2 of its levels.

You collected 49 gold pieces.


Innate Abilities, Weirdness & Mutations

You have an increased reservoir of magic. (+10% MP)
You shall have no god before yourself.
Your divine heritage dramatically boosts your attributes as you level up.


   Skills:
 - Level 2.0 Fighting
 - Level 5.0 Ranged Weapons
 + Level 1.8 Dodging
 - Level 0.8 Stealth


You had 2 spell levels left.
You didn't know any spells.
Your spell library was empty.

Inventory:

Hand Weapons
 a - a +1 shortbow (weapon)
Armour
 e - a +0 ring mail (worn)
Potions
 b - a potion of brilliance {unknown}
 f - a potion of curing
 l - a potion of magic {unknown}

Dungeon Overview and Level Annotations

Branches:
Dungeon (2/15)


Message History

You shoot an arrow. The gnoll shouts!
The arrow hits the gnoll but does no damage.
You shoot an arrow. The arrow closely misses the gnoll.
You shoot an arrow. The arrow hits the gnoll.
The gnoll is moderately wounded.
You shoot an arrow. The arrow hits the gnoll!
The gnoll is severely wounded.
You shoot an arrow. The arrow hits the gnoll!
You kill the gnoll!
The gnoll barely misses you.
You shoot an arrow. The arrow hits the gnoll!
The gnoll is heavily wounded.
The gnoll barely misses you.
The gnoll hits you from afar with a +0 halberd!
You shoot an arrow. The arrow hits the gnoll.
The gnoll is almost dead.
The gnoll hits you from afar with a +0 halberd.
You shoot an arrow.
The arrow hits the gnoll but does no damage.
The gnoll is almost dead.
The gnoll closely misses you.
You shoot an arrow. The arrow barely misses the gnoll.
The arrow barely misses the quokka.
The gnoll completely misses you.
You shoot an arrow. The arrow hits the gnoll!
You kill the gnoll!
Your Ranged Weapons skill increases to level 5!
You shoot an arrow. The arrow closely misses the gnoll.
The arrow hits the quokka!
You kill the quokka!
The gnoll barely misses you.
You shoot an arrow. The arrow hits the gnoll.
The gnoll is moderately wounded.
The gnoll closely misses you. The gnoll barely misses you.
The gnoll hits you from afar with a +0 halberd!
You shoot an arrow. The arrow hits the gnoll!
You kill the gnoll!
The gnoll hits you from afar with a +0 halberd!
You die...

##### ....# .##.#######
.##....[..# ..........#
#####
###.......#########......
#.......+.....@)g%.....
#.......##..#####......
#.......##.## .....
###.......#..# ....
............## ...
#########..## r. #.## .
#.# ..#


You could see a gnoll.

Vanquished Creatures
  3 gnolls (D:2)
  An adder (D:2)
  A dart slug (D:1)
  2 endoplasms (D:1)
  2 giant cockroaches (D:1)
  2 hobgoblins (D:1)
  4 jackals (D:2)
  6 quokkas
  3 ball pythons (D:1)
  2 bats
  2 frilled lizards
  2 goblins (D:1)
  3 kobolds
  5 rats (D:1)
38 creatures vanquished.

Notes
Turn   | Place    | Note
-------+----------+-------------------------------------------
     0 | D:1      | qw the Demigod Hunter began the quest for the Orb.
     0 | D:1      | Reached XP level 1. HP: 17/17 MP: 3/3
     0 | D:1      | 0 ||| qw: Version: 0.3-a-155-g5e7d8dd
     0 | D:1      | 0 ||| qw: Game counter: 74
     0 | D:1      | 0 ||| qw: Melee chars always use a shield: true
     0 | D:1      | 0 ||| qw: God list: Okawaru
     0 | D:1      | 0 ||| qw: Allow faded altars: false
     0 | D:1      | 0 ||| qw: Do Orc after clearing Dungeon:15 true
     0 | D:1      | 0 ||| qw: Do second Lair branch before Depths: true
     0 | D:1      | 0 ||| qw: Lair rune preference: random
     0 | D:1      | 0 ||| qw: Goals: Normal
     0 | D:1      | 0 ||| PLANNING D:1-11
   218 | D:1      | Reached skill level 4 in Ranged Weapons
   245 | D:1      | Reached XP level 2. HP: 24/24 MP: 4/4
   869 | D:1      | 869 ||| UPGRADING to +0 ring mail.
   879 | D:1      | 879 ||| DROPPING +0 leather armour.
   880 | D:1      | 880 ||| READING scroll labelled XAFORA PALA.
   881 | D:1      | 881 ||| READING scroll labelled LUOFOGUUTREN.
   881 | D:1      | 881 ||| IDENTIFYING pink potion
   882 | D:1      | 882 ||| READING 3 scrolls labelled OCINAIL QEICWO.
   883 | D:1      | 883 ||| READING scroll labelled HEICSA CIFI.
   883 | D:1      | 883 ||| ENCHANTING +0 shortbow.
   884 | D:1      | 884 ||| READING scroll labelled EMMUOLAGOV.
   885 | D:1      | 885 ||| READING scroll labelled YCIULUY YNYUGH.
   886 | D:1      | 886 ||| DRINKING 2 sedimented purple potions.
   887 | D:1      | 887 ||| DRINKING 2 sapphire potions.
   888 | D:1      | 888 ||| DROPPING scroll of butterflies.
   889 | D:1      | 889 ||| DROPPING potion of ambrosia.
   890 | D:1      | 890 ||| DROPPING 2 scrolls of fear.
   891 | D:1      | 891 ||| DROPPING potion of invisibility.
   928 | D:2      | Reached XP level 3. HP: 29/29 MP: 5/5
  1107 | D:2      | 1107 ||| RETREEEEATING.
  1118 | D:2      | Reached skill level 5 in Ranged Weapons
  1119 | D:2      | HP: 7/29 [gnoll/+0 halberd (11)]
  1120 | D:2      | Slain by a gnoll

Levels and vault maps discovered:
D:1:      psy_arrival_whirlpool, layout_basic, st_stairs_12,
          minmay_statues_item, minmay_stone_trees_medium,
          ebering_dispersal_statue_hall, minmay_vboxes
D:2:      layout_basic, uniq_jessica

Skill      XL: |  1  2  3 |
---------------+----------+-----
Ranged Weapons | 4 5 |  5.0
Fighting       | 2 |  2.0
Dodging        | |  1.8
Stealth        | |  0.8

Action                     || total
---------------------------++-------
   Fire: Shortbow          ||    89
    Use: Scroll            ||     6
         Potion            ||     2
 Armour: Leather armour    ||     3
         Ring mail         ||     5
  Dodge: Dodged            ||    15

Table legend:
 A = Non-vault XP
 B = Vault XP
 C = Vault XP percentage of total XP
 D = Non-vault monster count
 E = Vault monster count
 F = Vault count percentage of total count
                 A         B        C        D         E       F
            +---------+---------+-------+---------+---------+-------
      Total |     103 |       9 |   8.0 |      30 |       8 |  21.1
            +---------+---------+-------+---------+---------+-------
        D:1 |      31 |       9 |  22.5 |      17 |       8 |  32.0
        D:2 |      72 |       0 |   0.0 |      13 |       0 |   0.0
            +---------+---------+-------+---------+---------+-------
